Map: Orbital Shipyard

Players

KiFirE

  • Race: Protoss Protoss
  • League: Master

Bobby (TheStC) - Winner!

  • Race: Terran Terran
  • League: Master

Event: Lycan League Weekly August #3

VOD

Have the link to the VOD?

Description

Time

  • Played on: Aug. 17, 2015, 12:54 p.m.
  • Length: 13:34

All games in this series

Show
View Real Time Build Order
Export as new Build Order

KiFirE Protoss 

Build Orders: 1 Gate Expand 

Get SALT Encoding   

  12  0:01  Probe  
  13  0:13  Pylon  
  13  0:18  Probe  
  14  0:31  Probe (Chrono Boost)  
  14  0:34  Gateway  
  15  0:39  Assimilator  
  15  0:45  Probe (Chrono Boost)  
  16  0:51  Probe (Chrono Boost)  
  17  1:02  Probe (Chrono Boost)  
  18  1:12  Pylon  
  18  1:13  Probe (Chrono Boost)  
  19  1:19  Probe (Chrono Boost)  
  19  1:21  Cybernetics Core  
  20  1:44  Nexus  
  20  1:47  Probe (Chrono Boost)  
  21  1:57  Adept  
  21  1:59  Probe (Chrono Boost)  
  21  2:00  Warp Gate  
  24  2:05  Assimilator  
  24  2:13  Mothership Core (Chrono Boost)  
  25  2:25  Adept  
  25  2:28  Probe (Chrono Boost)  
  28  2:40  Probe  
  29  2:52  Probe (Chrono Boost), Pylon  
  30  3:02  Probe (Chrono Boost)  
  30  3:03  Robotics Facility  
  31  3:11  Gateway  
  31  3:15  Gateway  
  31  3:17  Probe (Chrono Boost)  
  31  3:18  Probe (Chrono Boost)  
  34  3:30  Probe x2 (Chrono Boost)  
  35  3:38  Probe (Chrono Boost)  
  35  3:41  Probe (Chrono Boost)  
  37  3:44  Probe (Chrono Boost)  
  38  4:00  Robotics Bay  
  38  4:02  Observer (Chrono Boost)  
  39  4:04  Nexus  
  39  4:08  Probe x2  
  41  4:11  Assimilator  
  41  4:15  Sentry  
  41  4:16  Observer (Chrono Boost), Assimilator  
  44  4:24  Probe (Chrono Boost)  
  46  4:29  Probe (Chrono Boost)  
  46  4:31  Forge  
  46  4:37  Probe (Chrono Boost), Warp Prism (Chrono Boost)  
  49  4:40  Adept  
  49  4:45  Pylon  
  51  4:59  Pylon  
  51  5:02  Gravitic Drive (Chrono Boost)  
  51  5:04  Zealot x2  
  58  5:07  Protoss Ground Armor Level 1  
  58  5:08  Adept  
  58  5:09  Disruptor (Chrono Boost)  
  60  5:17  Probe x2  
  60  5:21  Adept  
  64  5:33  Adept x2  
  68  5:57  Disruptor  
  68  6:02  Pylon  
  68  6:03  Pylon  
  68  6:07  Photon Cannon  
  68  6:13  Nexus  
  68  6:19  Pylon  
  68  6:20  Probe x2  
  68  6:25  Disruptor (Chrono Boost)  
  73  6:30  Adept x3  
  71  6:54  Stalker  
  71  6:55  Stalker x2  
  77  7:09  Probe (Chrono Boost)  
  77  7:11  Nexus  
  78  7:19  Probe (Chrono Boost)  
  67  7:28  Probe (Chrono Boost)  
  70  7:31  Pylon  
  70  7:34  Mothership Core (Chrono Boost)  
  70  7:36  Assimilator  
  70  7:38  Protoss Ground Weapons Level 1  
  70  7:40  Probe (Chrono Boost), Assimilator  
  74  7:47  Probe (Chrono Boost)  
  74  7:48  Probe, Disruptor  
  76  7:58  Probe (Chrono Boost)  
  77  8:00  Probe (Chrono Boost), Disruptor  
  78  8:09  Extended Thermal Lance, Probe (Chrono Boost)  
  78  8:11  Probe (Chrono Boost)  
  80  8:13  Sentry  
  80  8:15  Adept  
  80  8:16  Disruptor  
  80  8:18  Adept  
  86  8:23  Colossus  
  86  8:24  Probe  
  86  8:25  Probe x2  
  91  8:37  Probe x2  
  88  8:43  Adept x3  
  79  9:06  Adept  
  79  9:07  Adept x2  
  75  9:21  Probe (Chrono Boost)  
  75  9:22  Probe (Chrono Boost)  
  79  9:27  Adept x3, Disruptor (Chrono Boost)  
  79  9:28  Protoss Shields Level 1, Probe (Chrono Boost)  
  82  9:31  Probe (Chrono Boost)  
  82  9:38  Disruptor  
  82  9:44  Twilight Council  
  82  9:48  Gateway, Adept x3  
  82  9:49  Gateway  
  82  9:51  Gateway  
  91  9:55  Probe x2  
  91  9:58  Disruptor (Chrono Boost)  
  91  9:59  Photon Cannon  
  93  10:00  Disruptor  
  80  10:14  Disruptor  
  80  10:15  Probe (Chrono Boost)  
  80  10:21  Probe (Chrono Boost), Adept x3  
  80  10:29  Disruptor  
  80  10:34  Colossus (Chrono Boost)  
  84  10:44  Adept  
  84  10:45  Adept x2  
  75  11:06  Adept x3  
  78  11:15  Colossus (Chrono Boost)  
  82  11:22  Stalker x2  
  86  11:30  Stalker x4  
  86  11:32  Probe (Chrono Boost)  
  93  11:38  Probe x2 (Chrono Boost)  
  87  11:45  Probe (Chrono Boost)  
  87  11:47  Adept x2  
  80  11:50  Adept x2  
  80  11:51  Adept  
  84  11:58  Photon Cannon  
  84  11:59  Disruptor (Chrono Boost)  
  87  12:03  Pylon  
  87  12:05  Mothership Core (Chrono Boost), Gateway  
  89  12:08  Gateway  
  89  12:09  Disruptor  
  89  12:12  Zealot  
  89  12:13  Zealot x3  
  97  12:16  Probe (Chrono Boost)  
  97  12:17  Photon Cannon  
  97  12:22  Probe (Chrono Boost), Adept x2  
  101  12:26  Probe (Chrono Boost), Observer  
  101  12:27  Probe (Chrono Boost)  
  101  12:29  Probe (Chrono Boost)  
  107  12:30  Disruptor  
  107  12:35  Probe  
  107  12:36  Adept x4  
  103  12:55  Adept  
  76  13:07  Adept x4  
  76  13:08  Adept  
  61  13:23  Adept x2  
  61  13:24  Adept  
Show
View Real Time Build Order
Export as new Build Order

Bobby Terran - Winner!

Build Orders: Reaper Expand, MMM Bio 

Get SALT Encoding   

  12  0:01  SCV  
  13  0:13  SCV  
  14  0:19  Supply Depot  
  14  0:26  SCV  
  15  0:41  SCV  
  16  0:42  Barracks  
  16  0:46  Refinery  
  16  0:53  SCV  
  17  1:05  SCV  
  18  1:17  SCV  
  19  1:29  Orbital Command  
  19  1:30  Reaper  
  20  1:40  Command Center  
  20  1:51  Barracks  
  20  1:56  SCV  
  21  2:06  Supply Depot  
  21  2:08  Barracks Reactor  
  21  2:10  SCV  
  22  2:17  Barracks  
  22  2:22  SCV  
  23  2:29  Engineering Bay  
  23  2:33  Refinery  
  23  2:34  SCV  
  24  2:45  Barracks Tech Lab  
  24  2:46  SCV  
  24  2:52  Marine x2  
  24  2:55  Orbital Command  
  27  2:58  SCV  
  27  3:01  Terran Infantry Weapons Level 1  
  27  3:08  Marine  
  27  3:09  Marine  
  27  3:10  Marine x2  
  31  3:15  SCV  
  32  3:23  Supply Depot  
  32  3:24  Stimpack  
  32  3:26  SCV  
  33  3:28  SCV  
  33  3:29  Marine  
  33  3:31  Marine  
  33  3:34  Marine  
  36  3:37  Marine  
  36  3:39  SCV  
  36  3:40  SCV  
  40  3:47  Factory  
  40  3:52  SCV x2  
  40  3:53  Marine x3  
  45  4:02  Supply Depot  
  45  4:05  Supply Depot, Marine  
  45  4:06  SCV x2  
  48  4:14  Marine x3  
  51  4:19  SCV x2  
  51  4:20  Refinery  
  53  4:25  Marine  
  53  4:31  SCV x2  
  55  4:32  Starport, Factory Reactor  
  55  4:35  Barracks Tech Lab  
  55  4:36  Marine  
  55  4:37  Marine  
  58  4:43  SCV x2, Marauder  
  62  4:51  Supply Depot x2  
  62  4:55  SCV x2  
  64  5:02  Combat Shields  
  64  5:05  Marauder x2, Marine x2  
  70  5:13  SCV x2  
  72  5:17  Supply Depot x2  
  72  5:20  Medivac x2  
  76  5:24  Concussive Shells, Marine x2  
  71  5:48  Marauder x2, Marine x2  
  67  5:50  Command Center  
  67  5:55  Medivac x2  
  71  6:01  Refinery  
  71  6:08  Factory Reactor  
  71  6:10  Barracks  
  71  6:12  Barracks  
  71  6:13  Marine x3  
  71  6:14  Marine  
  76  6:18  SCV x2  
  76  6:22  Supply Depot  
  77  6:26  Supply Depot  
  77  6:31  Viking x2  
  75  6:39  Command Center  
  72  6:46  SCV x2  
  71  6:54  Marine x2  
  71  6:55  Marauder x2  
  71  6:58  SCV x2  
  77  7:04  Medivac x2  
  81  7:10  SCV x2, Barracks Tech Lab  
  83  7:16  Factory Reactor  
  83  7:22  SCV x2  
  85  7:24  Marauder x2, Marine x2  
  85  7:25  Marine x2  
  85  7:29  Terran Infantry Armor Level 1  
  93  7:31  Supply Depot  
  93  7:39  Marauder  
  93  7:40  Medivac  
  93  7:41  Marine  
  93  7:42  Medivac, Marine  
  101  7:46  SCV x2  
  101  7:49  Marine x2  
  101  7:50  Marauder x2  
  109  7:57  Widow Mine  
  109  7:58  Widow Mine  
  113  8:02  Marine x2  
  113  8:03  Marine  
  116  8:06  Marine  
  116  8:07  Marine  
  116  8:08  SCV x2  
  116  8:11  Marauder  
  116  8:12  Marauder  
  125  8:20  SCV x2, Orbital Command  
  125  8:21  Marauder  
  125  8:26  Marine x4  
  132  8:33  Marauder x2  
  117  8:42  Marauder  
  117  8:45  Marine x3  
  117  8:46  SCV  
  117  8:47  SCV  
  120  8:54  Marauder x2, Marine  
  116  8:57  Medivac  
  116  9:00  SCV x2  
  116  9:03  Marine x3  
  116  9:04  Marauder  
  113  9:12  Marine  
  113  9:14  SCV x2  
  113  9:16  Marauder x2  
  115  9:20  Marine  
  114  9:25  SCV, Marauder, Marine x2  
  114  9:28  SCV x2  
  119  9:37  Marine, Marauder x2  
  119  9:38  Marine, Widow Mine x2  
  120  9:42  Armory  
  120  9:43  Engineering Bay  
  125  9:46  Marauder  
  125  9:48  Marine  
  125  9:52  Marine  
  128  9:53  Medivac x2  
  128  9:54  SCV x2  
  128  9:58  Marauder  
  128  9:59  Barracks, Marauder  
  139  10:00  Barracks  
  139  10:02  Supply Depot  
  139  10:04  Supply Depot  
  139  10:08  Marauder  
  139  10:11  Marine x3, Widow Mine x2  
  134  10:20  Marauder x2  
  134  10:32  Marauder, Marine x3  
  134  10:33  SCV x2  
  136  10:40  Marine  
  136  10:41  Marauder x2, Widow Mine  
  142  10:42  Medivac x2  
  142  10:46  Terran Infantry Weapons Level 2, Terran Infantry Armor Level 2  
  142  10:49  Marine  
  137  10:53  Marauder  
  137  10:54  Marine x2  
  142  11:03  Marauder x2  
  134  11:09  Marine x2  
  134  11:12  Marine  
  134  11:14  Barracks Tech Lab x2, Marauder  
  137  11:18  Marine  
  137  11:23  SCV x2  
  137  11:24  Marauder x2  
  139  11:26  Marine  
  139  11:30  Widow Mine x2, Marine  
  141  11:36  Marauder  
  141  11:37  SCV x2  
  136  11:42  Marauder  
  136  11:43  Marauder, Marine  
  136  11:44  SCV  
  136  11:45  Marauder x2  
  136  11:46  Marine x2  
  137  11:49  SCV  
  138  11:57  Marine, Marauder  
  138  11:58  Medivac  
  138  11:59  Refinery x2, Medivac  
  138  12:00  Command Center, Marine  
  146  12:03  Marauder  
  146  12:04  Marauder, Marine  
  146  12:07  Marauder x2  
  155  12:20  Marauder  
  157  12:27  Orbital Command  
  157  12:32  Supply Depot x2  
  157  12:34  Supply Depot  
  157  12:42  Marine x2  
  157  12:43  Marauder  
  157  12:47  Refinery  
  157  12:52  Widow Mine  
  157  12:53  Medivac x2, Widow Mine  
  157  12:54  Marauder  
  164  13:00  Marauder x2, Marine  
  155  13:09  Marauder x2, Marine x3  
  155  13:12  SCV x2  
  164  13:14  Marine  
  164  13:19  Refinery  

Tags
 
Add a new tag
Caveats
  • Supply blocks, unpowered buildings, or Contaminate may cause inaccurate times.
  • Supply counts are checked every 10 seconds.